 Dungeon Crawl Stone Soup version 0.17.0 (webtiles) character file.

371 tetracat the Ducker (level 7, 24/47 HPs)
             Began as a Halfling Assassin on Nov 17, 2015.
             Quit the game on level 4 of the Dungeon.
             The game lasted 00:06:56 (4918 turns).

tetracat the Ducker (Halfling Assassin)             Turns: 4918, Time: 00:06:56

Health: 24/47      AC:  8    Str: 11    XL:     7   Next: 2%
Magic:  7/7        EV: 15    Int: 10    God:
Gold:   183        SH:  0    Dex: 18    Spells: 0 memorised, 6 levels left

rFire  + . .     SeeInvis .     a - +1 dagger (vamp)
rCold  . . .     Clarity  .     z - +2 ring mail {rF+}
rNeg   . . .     SustAt   .     (shield restricted)
rPois  .         Gourm    .     (no helmet)
rElec  .         Spirit   .     d - +0 cloak
rCorr  .         Warding  .     (no gloves)
rMut   .         Stasis   .     (no boots)
MR     .....                    (no amulet)
Stlth  +++.......               (no ring)
                                (no ring)

@: not resistant to hostile enchantments, fairly stealthy
A: mutation resistance 1
a: no special abilities


You were on level 4 of the Dungeon.
You were not hungry.

You visited 1 branch of the dungeon, and saw 4 of its levels.

You collected 183 gold pieces.

Inventory:

Hand Weapons
 a - a +1 vampiric dagger (weapon)
 b - a +0 blowgun
 A - a +2 dagger
Missiles
 f - a curare-tipped needle
 r - 8 steel tomahawks (quivered)
 x - 7 poisoned needles
Armour
 d - a +0 cloak (worn)
 z - a +2 ring mail of fire resistance (worn)
Jewellery
 s - an uncursed ring of ice
 w - an uncursed amulet of rage
Wands
 e - a wand of random effects (12)
Scrolls
 h - a scroll of remove curse {unknown}
 l - a scroll of immolation {unknown}
 n - a scroll of magic mapping {unknown}
 o - 2 scrolls of enchant armour {unknown}
 p - 4 scrolls of identify {unknown}
 u - 2 scrolls of teleportation {unknown}
 y - a scroll of recharging {unknown}
Potions
 i - a potion of cancellation {unknown}
 k - 3 potions of degeneration {unknown}
 m - 2 potions of ambrosia {unknown}
 q - 3 potions of brilliance {unknown}
 v - 2 potions of agility {unknown}
 B - a potion of haste {unknown}
Comestibles
 c - a slice of pizza
 g - 6 bread rations


   Skills:
 + Level 3.9 Fighting
 - Level 3.1 Short Blades
 - Level 2.1 Throwing
 + Level 3.4 Armour
 + Level 4.4 Dodging
 - Level 4.3 Stealth


You had 6 spell levels left.
You didn't know any spells.

Dungeon Overview and Level Annotations

Branches:
Dungeon (4/15)
 Temple: D:4-7

Altars:
Elyvilon
Ru
Xom
Yredelemnul
The Shining One


Innate Abilities, Weirdness & Mutations

You are small and have problems with some larger weapons.
You are somewhat resistant to further mutation.


Message History

The phantom blinks!
You finish eating.
That meat ration really hit the spot!
A phantom is nearby!
You miss the phantom.
The phantom is lightly damaged.
The phantom misses you.
You hit the phantom but do no damage.
The phantom is lightly damaged.
The phantom closely misses you.
You barely miss the phantom.
The phantom is lightly damaged.
You hit the phantom.
The phantom is lightly damaged.
The phantom hits you.
The phantom blinks!
No target in view!
No target in view!
No target in view!
No target in view!
No target in view!
Are you sure you want to abandon this character and quit the game? (Confirm with "yes".)

##### #§.§# #._.#
#§.§# #...# ####
#§.§# ##..## #...#
#....# ###†### #
#_.⌠.## ###..§@.##.#
#.....# #..........#
##....####)#.....#..#
#⌠...'.##)###'### .#
##....#....##...# #
#.....####.##§.§#
#_.⌠.## #.##...#
#....# #)##§.§#
##..######.##._.#


There were no monsters in sight!

Vanquished Creatures
  A hound (D:4)
  3 orc wizards
  2 worker ants (D:4)
  3 adders
  8 gnolls
  A worm (D:2)
  3 giant geckos
  8 orcs
  7 bats
  2 goblins (D:3)
  7 hobgoblins
  6 jackals
  6 kobolds
  2 quokkas
  6 giant cockroaches
  4 giant newts
  27 rats
  A butterfly (D:2)
97 creatures vanquished.

Notes
Turn   | Place    | Note
--------------------------------------------------------------
     0 | D:1      | tetracat the Halfling Assassin began the quest for the Orb.
     0 | D:1      | Reached XP level 1. HP: 14/14 MP: 1/1
   168 | D:1      | You fall through a shaft!
   268 | D:1      | Reached XP level 2. HP: 10/19 MP: 2/2
   506 | D:1      | Reached XP level 3. HP: 18/24 MP: 3/3
  1300 | D:2      | Reached skill level 1 in Armour
  1300 | D:2      | Reached XP level 4. HP: 20/30 MP: 4/4
  1713 | D:2      | Found a shimmering altar of Xom.
  1933 | D:2      | Reached XP level 5. HP: 27/36 MP: 5/5
  2939 | D:3      | Reached XP level 6. HP: 29/42 MP: 6/6
  4025 | D:4      | Found a sacrificial altar of Ru.
  4025 | D:4      | Found a white marble altar of Elyvilon.
  4372 | D:4      | Found a basalt altar of Yredelemnul.
  4402 | D:4      | Noticed a profane servitor
  4448 | D:4      | Found a glowing golden altar of the Shining One.
  4450 | D:4      | Noticed an angel
  4808 | D:4      | Reached XP level 7. HP: 21/47 MP: 7/7
  4918 | D:4      | Quit the game

Action                   |  1- 3 |  4- 6 |  7- 9 || total
-------------------------+-------+-------+-------++-------
Melee: Dagger            |    81 |   340 |    66 ||   487
 Fire: Blowgun           |    12 |    18 |       ||    30
 Stab: Sleeping          |     5 |    10 |       ||    15
  Eat: Chunk             |     1 |     8 |       ||     9
       Meat ration       |       |     1 |     1 ||     2
       Pizza             |       |     1 |       ||     1
